APP
BALTIMORE (APP) ORIOLES @ BLUEFIELD BLUE JAYS
09/06/2049
 
TOP OF THE 1ST
Baltimore (APP) Orioles batting - Pitching for Bluefield Blue Jays : LHP Jack Osborne
Pitching: LHP Jack Osborne
Batting: RHB Pedro Luera 0-0: Ball
1-0: Called Strike
1-1: Ball
2-1: Ball
3-1: Base on Balls
Batting: LHB Ivan Alvarez 0-0: Fielders Choice at 2nd, 4-6 (Groundball, 4, EV 76.2 MPH)
Batting: RHB Mike Trueblood 0-0: TRIPLE (Flyball, 89XD, EV 109.4 MPH)
Ivan Alvarez scores
Batting: LHB Chris Cohen 0-0: Ball
1-0: Called Strike
1-1: Fly out, F7 (Flyball, 7LD, EV 96.2 MPH)
Runner from 3rd tags up, SCORES, no throw by LF
Batting: RHB Imbart van Rens 0-0: Fly out, F8 (Flyball, 89M, EV 72.5 MPH)
Top of the 1st over - 2 runs, 1 hit, 0 errors, 0 left on base; Baltimore (APP) 2 - Bluefield 0
BOTTOM OF THE 1ST
Bluefield Blue Jays batting - Pitching for Baltimore (APP) Orioles : RHP Bob Bychyk
Pitching: RHP Bob Bychyk
Batting: SHB Toby Patenaude 0-0: Called Strike
0-1: Foul Ball, location: 2F
0-2: Ball
1-2: Ball
2-2: Foul Ball, location: 2F
2-2: Ground out U3 (Groundball, 3, EV 88.1 MPH)
Batting: RHB Chad Colyer 0-0: Ground out 5-3 (Groundball, 56S, EV 89.4 MPH)
Batting: RHB Mark Noftall 0-0: Foul Ball, location: 2F
0-1: Ground out 6-3 (Groundball, 6MS, EV 85.6 MPH)
Bottom of the 1st over - 0 runs, 0 hits, 0 errors, 0 left on base; Baltimore (APP) 2 - Bluefield 0
TOP OF THE 2ND
Baltimore (APP) Orioles batting - Pitching for Bluefield Blue Jays : LHP Jack Osborne
Batting: LHB Robert Ortiz 0-0: Called Strike
0-1: Foul Ball, location: 2F
0-2: Foul Ball, location: 2F
0-2: Ball
1-2: Strikes out swinging
Batting: RHB Matt Wallace 0-0: Swinging Strike
0-1: Ball
1-1: Swinging Strike
1-2: Strikes out swinging, 2-3 out at first.
Batting: RHB Tyler Cohen 0-0: Called Strike
0-1: Ball
1-1: Swinging Strike
1-2: Foul Ball, location: 2F
1-2: Foul Ball, location: 2F
1-2: Ball
2-2: Strikes out swinging
Top of the 2nd over - 0 runs, 0 hits, 0 errors, 0 left on base; Baltimore (APP) 2 - Bluefield 0
BOTTOM OF THE 2ND
Bluefield Blue Jays batting - Pitching for Baltimore (APP) Orioles : RHP Bob Bychyk
Batting: LHB Jessie Stewart 0-0: Ball
1-0: Ball
2-0: Ball
3-0: Called Strike
3-1: SINGLE (Line Drive, 5D, EV 95.0 MPH)
Batting: RHB Lao-che Zhu 0-0: TRIPLE (Flyball, 78XD, EV 104.4 MPH)
Jessie Stewart scores
Batting: LHB Edwin Esparza 0-0: Called Strike
0-1: Ball
1-1: Foul Ball, location: 2F
1-2: Ball
2-2: Ground out 4-3 (Groundball, 4, EV 109.4 MPH)
Lao-che Zhu scores
Batting: RHB Mike Vaughan 0-0: Ball
1-0: Ball
2-0: Ball
3-0: Base on Balls
Batting: RHB Benedikt Fleischmann 0-0: Ball
1-0: Foul Ball, location: 2F
1-1: SINGLE (Line Drive, 34, EV 106.9 MPH)
Mike Vaughan to second
Pitching: LHP Gilberto Lugo
Batting: RHB Cedric Nicholls 0-0: Called Strike
0-1: Foul Ball, location: 2F
0-2: Ball
1-2: Ball
2-2: Foul Ball, location: 2F
2-2: Strikes out swinging
Batting: SHB Toby Patenaude 0-0: Ball
1-0: Called Strike
1-1: Ball
2-1: SINGLE (Groundball, 56S, EV 64.4 MPH) (infield hit)
Mike Vaughan to third
Benedikt Fleischmann to second
Batting: RHB Chad Colyer 0-0: Ball
1-0: Swinging Strike
1-1: Foul Ball, location: 2F
1-2: Ball
2-2: Foul Ball, location: 2F
2-2: Foul Ball, location: 2F
2-2: Foul Ball, location: 2F
2-2: Foul Ball, location: 2F
2-2: Foul Ball, location: 2F
2-2: Ball
3-2: Fly out, F7 (Flyball, 7D, EV 89.4 MPH)
Bottom of the 2nd over - 2 runs, 4 hits, 0 errors, 3 left on base; Baltimore (APP) 2 - Bluefield 2
TOP OF THE 3RD
Baltimore (APP) Orioles batting - Pitching for Bluefield Blue Jays : LHP Jack Osborne
Batting: RHB Jeff Parlo 0-0: Ball
1-0: Foul Ball, location: 2F
1-1: Called Strike
1-2: DOUBLE (Groundball, 5L, EV 109.4 MPH)
Batting: RHB Pedro Luera 0-0: Called Strike
0-1: Called Strike
0-2: Ground out U3 (Groundball, 34, EV 100.6 MPH)
Jeff Parlo to third
Batting: LHB Ivan Alvarez 0-0: Ball
1-0: Called Strike
1-1: Foul Ball, location: 2F
1-2: Fly out, F7 (Flyball, 78M, EV 91.2 MPH)
Runner from 3rd tags up, SCORES, throw by LF
Batting: RHB Mike Trueblood 0-0: Ball
1-0: Called Strike
1-1: Ball
2-1: Called Strike
2-2: Strikes out looking
Top of the 3rd over - 1 run, 1 hit, 0 errors, 0 left on base; Baltimore (APP) 3 - Bluefield 2
BOTTOM OF THE 3RD
Bluefield Blue Jays batting - Pitching for Baltimore (APP) Orioles : LHP Gilberto Lugo
Batting: RHB Mark Noftall 0-0: Ball
1-0: Ball
2-0: Ball
3-0: Foul Ball, location: 2F
3-1: Foul Ball, location: 2F
3-2: Base on Balls
Batting: LHB Jessie Stewart 0-0: Foul Ball, location: 2F
0-1: Reached on error, E3 (Groundball, 3, EV 78.1 MPH)
Mark Noftall to second
Batting: RHB Lao-che Zhu 0-0: Called Strike
0-1: Ball
1-1: Ball
2-1: Swinging Strike
2-2: Ball
3-2: Foul Ball, location: 2F
3-2: Foul Ball, location: 2F
3-2: Base on Balls
Mark Noftall to third
Jessie Stewart to second
Pinch Hitting: RHB Brandon Williams 0-0: Swinging Strike
0-1: Fly out, F7 (Flyball, 7, EV 88.8 MPH)
Batting: RHB Mike Vaughan 0-0: Called Strike
0-1: Ball
1-1: Foul Ball, location: 2F
1-2: Strikes out swinging
Pitching: RHP Safe-eldin Enobakhare
Batting: RHB Benedikt Fleischmann 0-0: SINGLE (Groundball, 6MD, EV 101.2 MPH)
Mark Noftall scores
Jessie Stewart to third
Lao-che Zhu to second
Runner from 3rd tries for Home, throw by CF and OUT! 8-2
Bottom of the 3rd over - 1 run, 1 hit, 1 error, 2 left on base; Baltimore (APP) 3 - Bluefield 3
TOP OF THE 4TH
Baltimore (APP) Orioles batting - Pitching for Bluefield Blue Jays : LHP Jack Osborne
Now at 1B: Joy-shan Li
Now in RF: Jessie Stewart
Batting: LHB Chris Cohen 0-0: Fly out, F8 (Flyball, 8RXD, EV 105.6 MPH)
Batting: RHB Imbart van Rens 0-0: SINGLE (Groundball, 34D, EV 102.5 MPH)
Batting: LHB Robert Ortiz 0-0: Called Strike
0-1: Swinging Strike
0-2: Strikes out swinging
Batting: RHB Matt Wallace 0-0: Ball
1-0: Swinging Strike
1-1: Ball
2-1: Called Strike
2-2: Ball
3-2: Strikes out swinging
Top of the 4th over - 0 runs, 1 hit, 0 errors, 1 left on base; Baltimore (APP) 3 - Bluefield 3
BOTTOM OF THE 4TH
Bluefield Blue Jays batting - Pitching for Baltimore (APP) Orioles : RHP Safe-eldin Enobakhare
Batting: RHB Cedric Nicholls 0-0: Ball
1-0: Fly out, F8 (Flyball, 8RD, EV 100.6 MPH)
Batting: SHB Toby Patenaude 0-0: Ball
1-0: Swinging Strike
1-1: Swinging Strike
1-2: Ball
2-2: Ball
3-2: Base on Balls
Batting: RHB Chad Colyer 0-0: Foul Ball, location: 2F
0-1: Ball
Toby Patenaude steals 2nd, throwing error, E2
Toby Patenaude to third
1-1: Foul Ball, location: 2F
1-2: Strikes out swinging
Batting: RHB Mark Noftall 0-0: Ball
1-0: Fly out, F8 (Flyball, 8RXD, EV 101.9 MPH)
Bottom of the 4th over - 0 runs, 0 hits, 1 error, 1 left on base; Baltimore (APP) 3 - Bluefield 3
TOP OF THE 5TH
Baltimore (APP) Orioles batting - Pitching for Bluefield Blue Jays : LHP Jack Osborne
Batting: RHB Tyler Cohen 0-0: Swinging Strike
0-1: Ball
1-1: Hit by Pitch
Batting: RHB Jeff Parlo 0-0: Ball
1-0: Called Strike
1-1: Swinging Strike
1-2: Strikes out swinging
Batting: RHB Pedro Luera 0-0: Ball
1-0: Ball
2-0: Foul Ball, location: 2F
2-1: Foul Ball, location: 2F
2-2: Ball
3-2: Strikes out swinging
Batting: LHB Ivan Alvarez 0-0: Called Strike
0-1: Ball
1-1: Called Strike
1-2: Ball
2-2: Strikes out swinging
Top of the 5th over - 0 runs, 0 hits, 0 errors, 1 left on base; Baltimore (APP) 3 - Bluefield 3
BOTTOM OF THE 5TH
Bluefield Blue Jays batting - Pitching for Baltimore (APP) Orioles : RHP Safe-eldin Enobakhare
Batting: LHB Jessie Stewart 0-0: Called Strike
0-1: Ground out 4-3 (Groundball, 4, EV 85.6 MPH)
Batting: RHB Lao-che Zhu 0-0: Ball
1-0: Ball
2-0: Ball
3-0: Base on Balls
Batting: RHB Joy-shan Li 0-0: Ball
1-0: Ball
2-0: Swinging Strike
2-1: Swinging Strike
2-2: Strikes out swinging
Batting: RHB Mike Vaughan 0-0: Called Strike
0-1: Swinging Strike
0-2: Ball
1-2: Foul Ball, location: 2F
1-2: Ball
2-2: Foul Ball, location: 2F
2-2: Ground out 4-3 (Groundball, 34S, EV 78.8 MPH)
Bottom of the 5th over - 0 runs, 0 hits, 0 errors, 1 left on base; Baltimore (APP) 3 - Bluefield 3
TOP OF THE 6TH
Baltimore (APP) Orioles batting - Pitching for Bluefield Blue Jays : LHP Jack Osborne
Batting: RHB Mike Trueblood 0-0: Ball
1-0: Foul Ball, location: 2F
1-1: Ball
2-1: Foul Ball, location: 2F
2-2: Hit by Pitch
Batting: LHB Chris Cohen 0-0: Ball
1-0: Foul Ball, location: 2F
1-1: Ball
2-1: Fielders Choice at 2nd, 6-4 (Groundball, 6, EV 80.6 MPH)
Pitching: RHP Gu Won
Batting: RHB Imbart van Rens 0-0: Ball
Wild Pitch!
Chris Cohen to second
1-0: Swinging Strike
1-1: Ball
2-1: Swinging Strike
2-2: Ball
3-2: Strikes out swinging
Batting: LHB Robert Ortiz 0-0: Intentional Walk
Batting: RHB Matt Wallace 0-0: Fielders Choice at 2nd, 5-4 (Groundball, 56, EV 92.5 MPH)
Top of the 6th over - 0 runs, 0 hits, 0 errors, 2 left on base; Baltimore (APP) 3 - Bluefield 3
BOTTOM OF THE 6TH
Bluefield Blue Jays batting - Pitching for Baltimore (APP) Orioles : RHP Safe-eldin Enobakhare
Batting: RHB Benedikt Fleischmann 0-0: Called Strike
0-1: Ball
1-1: Ball
2-1: Called Strike
2-2: Foul Ball, location: 2F
2-2: Ball
3-2: SOLO HOME RUN (Flyball, 7D, EV 99.4 MPH), Distance : 384 ft
Pitching: RHP Dave Shenton
Batting: RHB Cedric Nicholls 0-0: Called Strike
0-1: Foul Ball, location: 2F
0-2: Ball
1-2: Strikes out swinging
Batting: SHB Toby Patenaude 0-0: Ball
1-0: Called Strike
1-1: Ball
2-1: Ball
3-1: Base on Balls
Batting: RHB Chad Colyer 0-0: Ball
1-0: Ball
Toby Patenaude steals 2nd base (no throw)
2-0: Ball
3-0: Called Strike
3-1: Called Strike
3-2: Foul Ball, location: 2F
3-2: Foul Ball, location: 2F
3-2: Base on Balls
Batting: RHB Mark Noftall 0-0: Ball
1-0: Ball
2-0: Ball
Wild Pitch!
Toby Patenaude to third
Chad Colyer to second
3-0: Base on Balls
Batting: LHB Jessie Stewart 0-0: Ball
1-0: Swinging Strike
1-1: Called Strike
1-2: Ball
2-2: Strikes out swinging
Batting: RHB Lao-che Zhu 0-0: Fly out, F9 (Line Drive, 9, EV 103.8 MPH)
Bottom of the 6th over - 1 run, 1 hit, 0 errors, 3 left on base; Baltimore (APP) 3 - Bluefield 4
TOP OF THE 7TH
Baltimore (APP) Orioles batting - Pitching for Bluefield Blue Jays : RHP Gu Won
Batting: RHB Tyler Cohen 0-0: Ball
1-0: Foul Ball, location: 2F
1-1: Ball
2-1: Reached on error, E6 (Groundball, 56, EV 103.8 MPH)
Batting: RHB Jeff Parlo 0-0: Ball
1-0: Called Strike
1-1: Ball
2-1: Ball
3-1: Called Strike
3-2: Ground out 3-1 (Groundball, 34, EV 89.4 MPH)
Tyler Cohen to third
Batting: RHB Pedro Luera 0-0: Called Strike
0-1: Called Strike
0-2: Strikes out looking
Batting: LHB Ivan Alvarez 0-0: Called Strike
0-1: Foul Ball, location: 2F
0-2: Strikes out swinging
Top of the 7th over - 0 runs, 0 hits, 1 error, 1 left on base; Baltimore (APP) 3 - Bluefield 4
BOTTOM OF THE 7TH
Bluefield Blue Jays batting - Pitching for Baltimore (APP) Orioles : RHP Dave Shenton
Batting: RHB Joy-shan Li 0-0: Ball
1-0: Ball
2-0: Foul Ball, location: 2F
2-1: SOLO HOME RUN (Flyball, 9LD, EV 91.9 MPH), Distance : 346 ft
Batting: RHB Mike Vaughan 0-0: Swinging Strike
0-1: Ball
1-1: Called Strike
1-2: Ball
2-2: Ball
3-2: SOLO HOME RUN (Flyball, 7LD, EV 91.2 MPH), Distance : 348 ft
Batting: RHB Benedikt Fleischmann 0-0: Called Strike
0-1: Called Strike
0-2: Ball
1-2: Foul Ball, location: 2F
1-2: Strikes out swinging
Batting: RHB Cedric Nicholls 0-0: Called Strike
0-1: Foul Ball, location: 2F
0-2: Ball
1-2: Foul Ball, location: 2F
1-2: Fly out, F8 (Flyball, 8RM, EV 94.4 MPH)
Batting: SHB Toby Patenaude 0-0: Ball
1-0: Ball
2-0: Ball
3-0: Base on Balls
Pitching: RHP Xavier Martin
Batting: RHB Chad Colyer 0-0: Ball
1-0: Called Strike
1-1: Foul Ball, location: 2F
1-2: Ground out 4-3 (Groundball, 34D, EV 90.6 MPH)
Bottom of the 7th over - 2 runs, 2 hits, 0 errors, 1 left on base; Baltimore (APP) 3 - Bluefield 6
TOP OF THE 8TH
Baltimore (APP) Orioles batting - Pitching for Bluefield Blue Jays : RHP Gu Won
Batting: RHB Mike Trueblood 0-0: Foul Ball, location: 2F
0-1: Called Strike
0-2: Foul Ball, location: 2F
0-2: Hit by Pitch
Batting: LHB Chris Cohen 0-0: Ball
Wild Pitch!
Mike Trueblood to second
1-0: Ball
2-0: Called Strike
2-1: Ball
3-1: Called Strike
3-2: Strikes out swinging
Batting: RHB Imbart van Rens 0-0: Called Strike
0-1: Foul Ball, location: 2F
0-2: Strikes out looking
Batting: LHB Robert Ortiz 0-0: Called Strike
0-1: Foul Ball, location: 2F
0-2: Strikes out swinging
Top of the 8th over - 0 runs, 0 hits, 0 errors, 1 left on base; Baltimore (APP) 3 - Bluefield 6
BOTTOM OF THE 8TH
Bluefield Blue Jays batting - Pitching for Baltimore (APP) Orioles : RHP Xavier Martin
Batting: RHB Mark Noftall 0-0: Ball
1-0: Swinging Strike
1-1: Ball
2-1: Ball
3-1: Called Strike
3-2: Ground out 5-3 (Groundball, 25, EV 93.8 MPH)
Batting: LHB Jessie Stewart 0-0: Called Strike
0-1: Ball
1-1: Called Strike
1-2: Ball
2-2: Foul Ball, location: 2F
2-2: Ball
3-2: Base on Balls
Batting: RHB Lao-che Zhu 0-0: Ball
1-0: Ball
2-0: Called Strike
2-1: Fly out, F7 (Flyball, 7, EV 97.5 MPH)
Batting: RHB Joy-shan Li 0-0: SINGLE (Groundball, 34D, EV 110.0 MPH)
Jessie Stewart to second
Runner from 2nd tries for 3rd, SAFE, throw by RF made to third
Batting: RHB Mike Vaughan 0-0: Foul Ball, location: 2F
0-1: Ground out 4-3 (Groundball, 4S, EV 86.2 MPH)
Bottom of the 8th over - 0 runs, 1 hit, 0 errors, 2 left on base; Baltimore (APP) 3 - Bluefield 6
TOP OF THE 9TH
Baltimore (APP) Orioles batting - Pitching for Bluefield Blue Jays : RHP Gu Won
Pitching: RHP Chris Mansfield
Pinch Hitting: LHB Shane Cruse 0-0: Foul Ball, location: 2F
0-1: Swinging Strike
0-2: Strikes out looking
Pinch Hitting: RHB Steve Hansen 0-0: Called Strike
0-1: Ball
1-1: DOUBLE (Line Drive, 8LXD, EV 106.2 MPH)
Pinch Runner at 2nd Adam Beal:
Pinch Hitting: RHB Aaron Elliott 0-0: Foul Ball, location: 2F
0-1: Ball
1-1: Called Strike
1-2: Ball
2-2: SINGLE (Groundball, 6MD, EV 94.4 MPH)
Adam Beal to third
Batting: RHB Pedro Luera 0-0: Foul Ball, location: 2F
0-1: Ball
1-1: Ball
2-1: Called Strike
2-2: Ball
3-2: Foul Ball, location: 2F
3-2: Strikes out swinging
Batting: LHB Ivan Alvarez 0-0: Ball
1-0: Called Strike
1-1: Foul Ball, location: 2F
1-2: SINGLE (Line Drive, 56D, EV 97.5 MPH)
Adam Beal scores
Aaron Elliott to second
Batting: RHB Mike Trueblood 0-0: Ball
1-0: Foul Ball, location: 2F
1-1: Foul Ball, location: 2F
1-2: SINGLE (Flyball, 8RS, EV 93.1 MPH)
Aaron Elliott to third
Ivan Alvarez to second
Batting: LHB Chris Cohen 0-0: Foul Ball, location: 2F
0-1: Swinging Strike
0-2: Ball
1-2: Foul Ball, location: 2F
1-2: Strikes out swinging
Top of the 9th over - 1 run, 4 hits, 0 errors, 3 left on base; Baltimore (APP) 4 - Bluefield 6
Sunday, July 16th , 2023 - OOTP Baseball 24.6 Build 69